 Dungeon Crawl Stone Soup version 0.28.0-45-g0d030f2227 (webtiles) character file.

Game seed: 1476437727799742403

21301 Kziril the Fighter (level 12, -1/86 HPs)
             Began as a Gargoyle Fighter on Apr 20, 2022.
             Was a Believer of Makhleb.
             Killed by divine providence
             ... invoked by a meliai
              (13 damage)
             ... on level 13 of the Dungeon.
             The game lasted 00:37:47 (17330 turns).

Kziril the Fighter (Gargoyle Fighter)              Turns: 17330, Time: 00:37:48

Health: -1/86      AC: 24    Str: 22    XL:     12   Next: 88%
Magic:  12/12      EV:  9    Int: 10    God:    Makhleb [**....]
Gold:   946        SH: 11    Dex: 11    Spells: 11/11 levels left

rFire   . . .      SeeInvis +   s - +4 flail (drain)
rCold   . . .      Faith    .   F - +0 kite shield
rNeg    + . .      Spirit   .   u - +3 ring mail
rPois   ∞          Reflect  .   o - +0 helmet
rElec   +          Harm     .   c - +2 cloak
rCorr   .          Rampage  .   (no gloves)
Will    .....                   (no boots)
Stlth   +.........              (no amulet)
HPRegen 0.24/turn               E - ring of see invisible
MPRegen 0.13/turn               p - +4 ring of slaying

@: no status effects
A: sickness immunity, AC +8, negative energy resistance 1, electricity
resistance, torment resistance 1, petrification resistance
a: Renounce Religion, Minor Destruction


You were on level 13 of the Dungeon.
You worshipped Makhleb.
Makhleb was pleased with you.
You visited 2 branches of the dungeon, and saw 14 of its levels.

You collected 946 gold pieces.

Inventory:

Hand Weapons
 s - a +4 flail of draining (weapon)
Armour
 b - the -2 tower shield "Laileimu" {rElec rF++ rC+++ Dex-3}
   (You found it on level 4 of the Dungeon)

   Dex:       It affects your dexterity (-3).
   rF:        It greatly protects you from fire.
   rC:        It renders you almost immune to cold.
   rElec:     It insulates you from electricity.
 c - a +2 cloak (worn)
 o - a +0 helmet (worn)
 u - a +3 ring mail (worn)
 F - a +0 kite shield (worn)
 H - a +0 plate armour
Jewellery
 n - a ring of willpower
 p - a +4 ring of slaying (right hand)
 E - a ring of see invisible (left hand)
 N - a ring of protection from cold
 R - a ring of flight
Wands
 j - a wand of acid (7)
 x - a wand of flame (25)
 y - a wand of paralysis (4)
 C - a wand of iceblast (19)
 D - a wand of digging (9)
 L - a wand of polymorph (17)
Scrolls
 a - 2 scrolls of fear
 e - 11 scrolls of identify
 g - 3 scrolls of teleportation
 h - 4 scrolls of vulnerability
 k - 2 scrolls of noise {unknown}
 l - 2 scrolls of brand weapon {unknown}
 m - 3 scrolls of summoning
 q - a scroll of fog {unknown}
 r - a scroll of blinking {unknown}
 t - 3 scrolls of magic mapping
 I - 3 scrolls of immolation {unknown}
 P - 4 scrolls of enchant armour {unknown}
 T - a scroll of torment {unknown}
Potions
 d - 2 potions of might
 f - a potion of ambrosia {unknown}
 i - 4 potions of lignification
 v - a potion of experience {unknown}
 w - 2 potions of heal wounds
 z - 2 potions of curing
 A - 2 potions of degeneration {unknown}
 B - a potion of magic {unknown}
 G - 3 potions of flight {unknown}
 J - a potion of berserk rage {unknown}
 K - a potion of resistance {unknown}
 M - 2 potions of brilliance {unknown}
 O - 3 potions of haste {unknown}
 Q - a potion of mutation {unknown}
 S - a potion of invisibility {unknown}


   Skills:
 * Level 14.8 Fighting
 + Level 9.8 Maces & Flails
 + Level 10.9 Armour
 + Level 11.0 Shields


You had 11 spell levels left.
You didn't know any spells.
Your spell library contained the following spells:

 Spells                   Type           Power      Damage    Failure   Level
 Sandblast                Erth           0%         2d4       75%         1
 Passwall                 Tmut/Erth      0%         N/A       87%         2
 Scorch                   Fire           0%         2d5       87%         2
 Call Canine Familiar     Summ           0%         N/A       98%         3
 Gell's Gravitas          Tloc           0%         N/A       98%         3
 Ignite Poison            Fire/Tmut/Pois 0%         N/A       98%         3
 Lesser Beckoning         Tloc           0%         N/A       98%         3
 Mephitic Cloud           Conj/Pois/Air  0%         N/A       98%         3
 Portal Projectile        Hex/Tloc       0%         N/A       98%         3
 Stone Arrow              Conj/Erth      0%         3d7       98%         3
 Teleport Other           Tloc           0%         N/A       98%         3
 Tukima's Dance           Hex            0%         N/A       98%         3
 Leda's Liquefaction      Hex/Erth       0%         N/A       100%        4
 Passage of Golubria      Tloc           0%         N/A       100%        4
 Sticky Flame             Conj/Fire      0%         2d3       100%        4
 Freezing Cloud           Conj/Ice/Air   0%         6-21      100%        5
 Yara's Violent Unravell  Hex/Tmut       0%         3d3       100%        5
 Eringya's Noxious Bog    Tmut/Pois      0%         N/A       100%        6


Dungeon Overview and Level Annotations

Branches:
Dungeon (13/15)            Temple (1/1) D:7            Lair (0/6) D:10
    Orc (0/2) D:12
 Vaults: D:13-14

Altars:
Ashenzari
Cheibriados
Dithmenos
Elyvilon
Fedhas
Gozag
Hepliaklqana
Kikubaaqudgha
Makhleb
Nemelex Xobeh
Okawaru
Qazlal
Ru
Sif Muna
Trog
Uskayaw
Vehumet
Wu Jian
Xom
Yredelemnul
Zin
The Shining One

Shops:
D:6 *


Innate Abilities, Weirdness & Mutations

You are immune to sickness and miasma.
Your stone body is resilient. (AC +8)
You are immune to poison.
You resist negative energy. (rN+)
You are resistant to electric shocks. (rElec)
You are resistant to unholy torment.
You are immune to petrification.


Message History

The meliai barely misses you.
The meliai hits you with a +0 broad axe.
The meliai stings you but does no damage.
Press: ? - help, v - describe, . - travel
Here: a meliai, wielding a +0 broad axe and wearing a +0 leather armour (heavily wounded)
The floor.
You closely miss the meliai.
The meliai is heavily wounded.
The meliai barely misses you. The meliai closely misses you.
The meliai hits you but does no damage.
The meliai stings you but does no damage.
You barely miss the meliai.
The meliai is heavily wounded.
You block the meliai's attack.
The meliai stings you but does no damage.
The meliai hits you with a +0 broad axe.
You block the meliai's attack.
You barely miss the meliai.
The meliai is heavily wounded.
The meliai hits you with a +0 broad axe.
The meliai barely misses you. x2; You block the meliai's attack.
You closely miss the meliai.
The meliai is heavily wounded.
The meliai hits you with a +0 broad axe!
You block the meliai's attack. The meliai hits you but does no damage.
The meliai stings you but does no damage.
You hit the meliai.
The meliai is severely wounded.
The meliai calls down the wrath of its god upon you.
Something smites you!
* * * LOW HITPOINT WARNING * * *
The meliai hits you with a +0 broad axe!
* * * LOW HITPOINT WARNING * * *
The meliai barely misses you.
You closely miss the meliai.
The meliai is severely wounded.
You block the meliai's attack. The meliai closely misses you.
The meliai calls down the wrath of its god upon you.
Something smites you!
You die...

#.....##
#.###..# #.#
##.## ###
#..# ##.##
#...#
#.#+++#.#.###
............#
##.#.#@†'###
...#y#.# .).
#$..# ####
#####


You could see a meliai.

Vanquished Creatures
  Snorg (D:12)
  3 hydras
  Erolcha (D:9)
  4 two-headed ogres (D:10)
  Nergalle (D:12)
  2 manticores
  An ugly thing (D:12)
  3 cyclopes
  Joseph (D:7)
  A gargoyle (D:12)
  3 trolls
  A hornet (D:8)
  2 wyverns (D:10)
  27 yaks
  A basilisk (D:10)
  Eustachio (D:6)
  A steam dragon (D:8)
  A human (D:12)
  2 wraiths
  3 hogs (D:12)
  Duvessa (D:7)
  An acid dragon (D:10)
  3 water moccasins
  8 orc warriors
  An ice beast (D:6)
  3 black bears
  5 ogres
  9 centaurs
  2 phantoms
  2 kobold brigands
  A gnoll sergeant (D:7)
  2 scorpions (D:5)
  A water moccasin skeleton (D:4)
  3 wyvern skeletons (D:7)
  11 killer bees
  Dowan (D:7)
  3 howler monkeys
  A bullfrog zombie (D:5)
  4 centaur zombies
  4 hounds
  A jelly (D:4)
  12 orc priests
  4 iguanas
  24 orc wizards
  A killer bee zombie (D:6)
  A hound skeleton (D:4)
  Robin (D:3)
  24 gnolls
  7 adders
  A shadow imp (D:5)
  A white imp (D:7)
  2 ufetubi
  2 adder skeletons
  4 worms
  A dart slug (D:1)
  43 orcs
  6 ball pythons
  3 endoplasms (D:1)
  3 giant cockroaches
  19 goblins
  8 hobgoblins
  3 jackals (D:2)
  50 kobolds
  5 quokkas
  6 bats
  3 frilled lizards
  3 rats
364 creatures vanquished.

Notes
Turn   | Place    | Note
-------+----------+-------------------------------------------
     0 | D:1      | Kziril the Gargoyle Fighter began the quest for the Orb.
     0 | D:1      | Reached XP level 1. HP: 14/14 MP: 1/1
   471 | D:1      | Reached XP level 2. HP: 19/19 MP: 2/2
  1066 | D:1      | You fall into a shaft and drop 1 floor!
  1151 | D:2      | Reached XP level 3. HP: 24/24 MP: 3/3
  2019 | D:2      | Reached skill level 4 in Fighting
  2712 | D:3      | Reached XP level 4. HP: 24/29 MP: 4/4
  3112 | D:3      | Noticed Robin
  3126 | D:3      | Killed Robin
  3133 | D:3      | Reached XP level 5. HP: 14/34 MP: 5/5
  3735 | D:3      | Noticed a phantom
  3740 | D:3      | Killed a phantom
  3741 | D:3      | Reached skill level 5 in Fighting
  3741 | D:3      | Reached XP level 6. HP: 35/40 MP: 6/6
  4340 | D:5      | Entered Level 5 of the Dungeon
  4466 | D:4      | Reached XP level 7. HP: 38/45 MP: 7/7
  4519 | D:4      | Reached skill level 6 in Fighting
  4782 | D:4      | Reached skill level 5 in Armour
  4782 | D:4      | Reached skill level 5 in Shields
  5539 | D:4      | Identified the -2 tower shield "Laileimu" {rElec rF++ rC+++
                  | Dex-3}
  5605 | D:5      | Reached XP level 8. HP: 36/52 MP: 8/8
  5727 | D:5      | Reached skill level 7 in Fighting
  6193 | D:5      | Reached skill level 5 in Maces & Flails
  6327 | D:5      | Reached skill level 8 in Fighting
  6497 | D:6      | Reached XP level 9. HP: 60/60 MP: 9/9
  6776 | D:6      | Found Pats's Gadget Gallery.
  6893 | D:6      | Noticed Eustachio
  6914 | D:6      | Killed Eustachio
  6915 | D:6      | Reached skill level 9 in Fighting
  7190 | D:6      | Found a glowing silver altar of Zin.
  8424 | D:7      | Noticed a kobold demonologist
  8550 | D:7      | Noticed Joseph
  8564 | D:7      | Killed Joseph
  8565 | D:7      | Reached skill level 10 in Fighting
  8753 | D:7      | Reached XP level 10. HP: 68/68 MP: 10/10
  9060 | D:7      | Noticed Duvessa
  9063 | D:7      | Noticed Dowan
  9080 | D:7      | Killed Dowan
  9082 | D:7      | Killed Duvessa
  9385 | D:7      | Found a staircase to the Ecumenical Temple.
  9391 | Temple   | Entered the Ecumenical Temple
  9691 | Temple   | Became a worshipper of Makhleb the Destroyer
 10661 | D:8      | Found a stormy altar of Qazlal.
 10668 | D:8      | Found a blossoming altar of Fedhas.
 10682 | D:8      | Reached skill level 11 in Fighting
 11219 | D:10     | Entered Level 10 of the Dungeon
 11251 | D:9      | Reached * piety under Makhleb
 11673 | D:9      | Noticed Erolcha
 11683 | D:9      | Killed Erolcha
 11684 | D:9      | Reached XP level 11. HP: 71/76 MP: 11/11
 12022 | D:10     | Found an ancient bone altar of Kikubaaqudgha.
 12028 | D:10     | Found a hazy altar of Hepliaklqana.
 12071 | D:10     | Found a staircase to the Lair.
 12087 | D:10     | Reached skill level 12 in Fighting
 12221 | D:10     | Noticed a two-headed ogre
 12245 | D:10     | Killed a two-headed ogre
 12836 | D:10     | Noticed a two-headed ogre
 12907 | D:10     | Killed a two-headed ogre
 12907 | D:10     | Reached ** piety under Makhleb
 13297 | D:10     | Found a shimmering blue altar of Sif Muna.
 13357 | D:11     | Noticed a two-headed ogre
 13595 | D:10     | Killed a two-headed ogre
 13596 | D:10     | Reached skill level 13 in Fighting
 13761 | D:11     | Noticed a two-headed ogre
 13976 | D:10     | Killed a two-headed ogre
 14243 | D:10     | Reached XP level 12. HP: 84/84 MP: 12/12
 14370 | D:11     | Reached skill level 10 in Armour
 14370 | D:11     | Reached skill level 10 in Shields
 14379 | D:11     | Got the Reference Book on Ignition and Poison
 14490 | D:11     | Noticed a four-headed hydra
 14518 | D:11     | Killed a four-headed hydra
 15143 | D:12     | Noticed Nergalle
 15159 | D:12     | Killed Nergalle
 15160 | D:12     | Reached skill level 14 in Fighting
 15467 | D:12     | Noticed Snorg
 15526 | D:12     | Killed Snorg
 15876 | D:12     | Noticed a six-headed hydra
 15899 | D:12     | Killed a six-headed hydra
 16428 | D:13     | Noticed a six-headed hydra
 16433 | D:12     | Killed a six-headed hydra
 16592 | D:12     | Found a staircase to the Orcish Mines.
 17330 | D:13     | Killed from afar by a meliai

Illustrated notes

Levels and vault maps discovered:
D:1:      lightli_arrival_boilingwater, layout_loops_ring
D:2:      layout_loops_ring, serial_glass, glass_columns_a, glass_columns_c,
          glass_columns_a, glass_columns_c, glass_columns_b, glass_columns_b,
          glass_columns_b, glass_columns_b,
          hangedman_abyss_or_decor_lesser_grid, roderic_lattice_a
D:3:      layout_basic, kennysheep_pointless_box, kennysheep_flooded_box,
          serial_bayou_pond_d, chequers_serial_rivers_large_b,
          minmay_quadrilaterals, uniq_robin
D:4:      layout_basic
D:5:      layout_rooms, amcnicky_mini_corridor_feature
D:6:      minmay_goblin_kobold_castle, layout_gridville,
          nicolae_overflow_crystal_walls, nicolae_shop_gadgets, uniq_eustachio
D:7:      layout_basic, minmay_temple_entry_statues_pillars,
          grunt_decor_clamped, lightli_corner_chamber, uniq_joseph, uniq_duvessa
D:8:      layout_loops_cross, grunt_temple_overflow_forces_of_nature
D:9:      layout_long_grid, uniq_erolcha
D:10:     layout_grid_maze, general_overflow_altar, minitemple,
          david_lair_generic
D:11:     layout_rooms, serial_corexii_hall, corexii_hall_statues_l,
          chequers_hall_statues_y, corexii_hall_statues_t
D:12:     layout_irregular_city, david_orc_3, grunt_livestock, uniq_nergalle,
          uniq_snorg
D:13:     layout_roguey, eino_jars, uniq_rupert
Temple:   regret_index_temple_sphere_string

Skill      XL: |  1  2  3  4  5  6  7  8  9 10 11 12 |
---------------+-------------------------------------+-----
Fighting       | 4 5 6 8 10 11 13 14 | 14.8
Armour         | 4 5 6 7 8 9 10 | 10.9
Shields        | 4 5 6 7 8 9 11 | 11.0
Maces & Flails | 3 4 5 6 7 8 9 |  9.8

Action                   |  1- 3 |  4- 6 |  7- 9 | 10-12 || total
-------------------------+-------+-------+-------+-------++-------
Melee: Flail             |   158 |   126 |   323 |   594 ||  1201
  Use: Scroll            |       |       |     6 |       ||     6
       Potion            |       |       |       |     1 ||     1
Armor: Scale mail        |   111 |    82 |    11 |       ||   204
       Ring mail         |       |       |   229 |   384 ||   613
Dodge: Dodged            |    89 |    49 |   204 |   281 ||   623
Block: Buckler           |    29 |    35 |    98 |     8 ||   170
       Tower shield      |       |       |    14 |       ||    14
       Kite shield       |       |       |       |   341 ||   341
